 Dungeon Crawl Stone Soup version 0.29.1-1-gd02db6906a (webtiles) character file.

Game seed: 3150125953144975481

14499 Zeld the Cleaver (level 11, -17/127 (153) HPs)
             Began as a Minotaur Berserker on Oct 10, 2022.
             Was an Elder of Trog.
             Demolished by a spectral orc knight
             ... wielding a +0 bardiche
             ... summoned by Nergalle
              (18 damage)
             ... on level 1 of the Lair of Beasts.
             The game lasted 00:10:38 (16975 turns).

Zeld the Cleaver (Minotaur Berserker)              Turns: 16975, Time: 00:10:38

HP:   -17/127 (153) AC: 16    Str: 26    XL:     11   Next: 89%
MP:   10/10         EV: 10    Int:  4    God:    Trog [****..]
Gold: 412           SH:  0    Dex: 10    Spells: 10/10 levels left

rFire   . . .      SeeInvis .   a - +3 war axe
rCold   . . .      Faith    .   (no shield)
rNeg    . . .      Spirit   .   b - +0 plate armour
rPois   +          Reflect  .   (helmet restricted)
rElec   +          Harm     .   (no cloak)
rCorr   .          Rampage  .   k - +0 pair of gloves
Will    +....                   (no boots)
Stlth   ..........              (no amulet)
HPRegen 0.31/turn               I - ring of Vanity {rElec rPois Will+}
MPRegen 0.12/turn               (no ring)

@: berserking, heavily drained, very quick
A: horns 2, retaliatory headbutt
a: Renounce Religion, Berserk, Trog's Hand, Brothers in Arms


You were on level 1 of the Lair of Beasts.
You worshipped Trog.
Trog was greatly pleased with you.
You visited 3 branches of the dungeon, and saw 12 of its levels.
You also visited: Ossuary.

You collected 412 gold pieces.

Inventory:

Hand Weapons
 a - a +3 war axe (weapon)
Missiles
 p - 22 poisoned darts
 u - 2 boomerangs
 F - 2 boomerangs of dispersal
 H - 3 atropa-tipped darts
Armour
 b - a +0 plate armour (worn)
 k - a +0 pair of gloves (worn)
Jewellery
 I - the ring of Vanity (left hand) {rElec rPois Will+}
   (You found it on level 9 of the Dungeon)

   [ring of poison resistance]

   rElec:     It insulates you from electricity.
   rPois:     It protects you from poison.
   Will:      It increases your willpower.
Wands
 w - a wand of roots (18)
 B - a wand of mindburst (15)
 J - a wand of digging (5)
 L - a wand of flame (11)
Scrolls
 c - 3 scrolls of vulnerability {unknown}
 d - 3 scrolls of torment {unknown}
 f - 14 scrolls of identify {unknown}
 g - a scroll of summoning {unknown}
 i - 7 scrolls of enchant armour {unknown}
 m - 2 scrolls of teleportation {unknown}
 n - 3 scrolls of brand weapon {unknown}
 t - 2 scrolls of amnesia {unknown}
 v - a scroll of silence {unknown}
 x - a scroll of immolation {unknown}
 y - a scroll of blinking {unknown}
 z - a scroll of acquirement {unknown}
 C - a scroll of enchant weapon {unknown}
 E - a scroll of fear {unknown}
 G - a scroll of magic mapping {unknown}
Potions
 e - 4 potions of haste {unknown}
 h - a potion of lignification {unknown}
 j - a potion of flight {unknown}
 l - 8 potions of curing {unknown}
 o - a potion of might {unknown}
 q - a potion of cancellation {unknown}
 r - 2 potions of brilliance {unknown}
 s - 6 potions of degeneration {unknown}
 A - 3 potions of heal wounds {unknown}
 D - 2 potions of mutation {unknown}
 K - a potion of invisibility {unknown}


   Skills:
 + Level 11.1 Fighting
 * Level 14.9 Axes
 + Level 10.7 Armour
 + Level 9.8 Dodging


You had 10 spell levels left.
You didn't know any spells.
Your spell library was empty.

Dungeon Overview and Level Annotations

Branches:
Dungeon (10/15)            Temple (1/1) D:5            Lair (1/5) D:9
Ossuary (visited)
    Orc: D:9-12

Altars:
Ashenzari
Cheibriados
Dithmenos
Elyvilon
Fedhas
Gozag
Hepliaklqana
Makhleb
Nemelex Xobeh
Okawaru
Qazlal
Ru
Sif Muna
Trog
Uskayaw
Vehumet
Wu Jian
Xom
Yredelemnul
Zin
The Shining One

Annotations:
D:10 Fannar, Grum
Lair:1 1 transporter, Godmorgon's ghost, journeyman TeCj; Nergalle


Innate Abilities, Weirdness & Mutations

You have a pair of horns on your head.
You reflexively headbutt those who attack you in melee.


Message History

You headbutt the spectral orc warrior, but do no damage.
You are too injured to fight recklessly!
Unknown command.
A red film seems to cover your vision as you go berserk!
You feel yourself moving faster!
You feel mighty!
The spectral orc warrior hits you but does no damage.
The spectral orc warrior closely misses you.
The spectral orc warrior hits you with a +0 war axe.
* * * LOW HITPOINT WARNING * * *
You feel drained.
* * * LOW HITPOINT WARNING * * *
Nergalle barely misses you.
The spectral orc warrior hits you but does no damage.
The spectral orc knight hits you from afar with a +0 bardiche!
* * * LOW HITPOINT WARNING * * *
You feel drained.
* * * LOW HITPOINT WARNING * * *
The spectral orc hits you but does no damage.
The spectral orc warrior hits you but does no damage.
Unknown command.
You closely miss Nergalle.
Nergalle is heavily wounded.
You slash the spectral orc!
You destroy the spectral orc!
The spectral orc disappears in a puff of smoke!
You barely miss the spectral orc warrior.
You hit the spectral orc warrior but do no damage.
You hit the spectral orc warrior.
You hit the spectral orc warrior but do no damage.
The spectral orc warrior hits you!
* * * LOW HITPOINT WARNING * * *
The spectral orc warrior hits you from afar with a +3 trident of flaming.
* * * LOW HITPOINT WARNING * * *
The spectral orc warrior burns you.
* * * LOW HITPOINT WARNING * * *
The spectral orc warrior hits you with a +0 war axe.
* * * LOW HITPOINT WARNING * * *
The spectral orc warrior hits you but does no damage.
The spectral orc knight hits you from afar with a +0 bardiche!!
You die...

### #.. #.. #..
#..### #Z.Z.# #.ZoZ#
##.@.# #PZZ§####
####.....#
...).#....##
.###.......#
###...### ##### #
#.#.## #...#
...#....####...#####
.....................


You could see Nergalle, 5 spectral orc warriors and a spectral orc knight
(summoned).

Vanquished Creatures
  A two-headed ogre (D:9)
  3 death yaks
  A black mamba (Lair:1)
  A cane toad (Lair:1)
  A komodo dragon (Lair:1)
  A troll (D:9)
  2 hornets (D:9)
  4 blink frogs (Lair:1)
  Sigmund (D:3)
  A wyvern (D:8)
  A human (D:8)
  A wraith (D:9)
  2 hogs (D:8)
  A basilisk (Lair:1)
  17 yaks
  3 steam dragons
  2 swamp worms (D:9)
  5 water moccasins
  4 orc warriors
  2 ice beasts
  2 black bears (D:5)
  4 sky beasts
  4 ogres
  3 wolves (D:9)
  6 centaurs
  A phantom (D:6)
  2 kobold brigands
  2 bullfrogs
  2 gnoll sergeants
  2 necrophages
  4 scorpions
  10 wights
  3 water moccasin zombies (Ossuary)
  4 howler monkeys
  An electric eel (D:9)
  7 hounds
  A jelly (D:8)
  3 gnoll boudas
  7 iguanas
  7 orc priests
  9 orc wizards
  2 hell rats (D:9)
  2 mummies (Ossuary)
  11 adders
  23 gnolls
  3 white imps
  2 ufetubi (D:6)
  6 adder zombies (Ossuary)
  A worm (D:4)
  A dart slug (D:5)
  27 orcs
  6 endoplasms
  4 giant cockroaches
  A gnoll zombie (Ossuary)
  4 goblins
  8 hobgoblins
  7 jackals
  3 quokkas (D:9)
  5 ball pythons
  7 bats
  2 frilled lizards (D:3)
  2 hobgoblin zombies (Ossuary)
  14 kobolds
  6 kobold zombies (Ossuary)
  4 orc zombies (Ossuary)
  5 rats
294 creatures vanquished.

Vanquished Creatures (others)
  2 fungi (Lair:1)
  17 plants
19 creatures vanquished.

Grand Total: 313 creatures vanquished

Notes
Turn   | Place    | Note
-------+----------+-------------------------------------------
     0 | D:1      | Zeld the Minotaur Berserker began the quest for the Orb.
     0 | D:1      | Reached XP level 1. HP: 19/19 MP: 0/0
   319 | D:1      | Reached XP level 2. HP: 24/27 MP: 1/1
   367 | D:1      | Reached skill level 4 in Axes
   866 | D:2      | Found a faded altar of an unknown god.
  1098 | D:2      | Reached XP level 3. HP: 29/33 MP: 2/2
  1828 | D:3      | Found a stormy altar of Qazlal.
  1847 | D:3      | Noticed Sigmund
  1853 | D:3      | Killed Sigmund
  1854 | D:3      | Reached skill level 5 in Axes
  1854 | D:3      | Reached XP level 4. HP: 41/41 MP: 3/3
  1854 | D:3      | Reached XP level 5. HP: 47/47 MP: 4/4
  1908 | D:3      | Reached ** piety under Trog
  1909 | D:3      | Reached XP level 6. HP: 46/55 MP: 5/5
  2410 | D:3      | Reached skill level 5 in Fighting
  2415 | D:3      | Reached skill level 6 in Axes
  3149 | D:4      | Noticed a sky beast
  3162 | D:4      | Killed a sky beast
  3163 | D:4      | Reached XP level 7. HP: 16/61 MP: 6/6
  3946 | D:5      | Entered Level 5 of the Dungeon
  4030 | D:5      | Reached skill level 7 in Axes
  4037 | D:5      | Reached skill level 5 in Armour
  4165 | D:5      | Reached *** piety under Trog
  4326 | D:5      | Reached XP level 8. HP: 47/70 MP: 7/7
  4453 | D:5      | Reached skill level 8 in Axes
  4453 | D:5      | Reached skill level 5 in Dodging
  5614 | D:5      | Found a staircase to the Ecumenical Temple.
  6126 | D:6      | Reached skill level 9 in Axes
  6173 | D:6      | HP: 1/106 [ogre/+0 giant club (12)]
  6448 | D:6      | Found a sand-covered staircase.
  6453 | Ossuary  | Entered an ossuary
  6764 | Ossuary  | Reached XP level 9. HP: 77/79 MP: 8/8
  6829 | D:6      | Reached **** piety under Trog
  6835 | D:6      | Reached skill level 10 in Axes
  7214 | Temple   | Entered the Ecumenical Temple
  8436 | D:7      | Reached skill level 11 in Axes
  8688 | D:7      | Reached XP level 10. HP: 19/90 MP: 9/9
  9089 | D:7      | Identified the +2 scale mail of Inference {+Inv Will+
                  | Regen+}
 10294 | D:8      | Reached skill level 12 in Axes
 11330 | D:9      | Found a staircase to the Lair.
 11336 | D:9      | Noticed a death yak
 11336 | D:9      | Noticed a death yak
 11336 | D:9      | Noticed a death yak
 11365 | D:8      | Killed a death yak
 12630 | D:9      | Reached skill level 13 in Axes
 12679 | D:9      | Identified the ring of Vanity {rElec rPois Will+}
 12947 | D:9      | Paralysed by a hornet for 3 turns
 13147 | D:9      | Reached XP level 11. HP: 87/99 MP: 10/10
 13156 | D:9      | Reached ***** piety under Trog
 13161 | D:9      | Reached skill level 10 in Fighting
 13529 | D:9      | Killed a death yak
 13531 | D:9      | Killed a death yak
 14332 | D:9      | Identified the +10 dagger of the Final Lovers {antimagic,
                  | rElec Will+}
 14475 | D:10     | Entered Level 10 of the Dungeon
 14475 | D:10     | Noticed Fannar
 14475 | D:10     | Noticed Grum
 14478 | D:10     | Noticed a six-headed hydra
 14482 | D:9      | Reached skill level 10 in Armour
 14689 | D:10     | Noticed a two-headed ogre
 14698 | D:9      | Killed a two-headed ogre
 14699 | D:9      | Reached skill level 14 in Axes
 15648 | Lair:1   | Entered Level 1 of the Lair of Beasts
 16560 | Lair:1   | Found a transporter.
 16563 | Lair:1   | Noticed Godmorgon's ghost (journeyman TeCj)
 16576 | Lair:1   | Found the +4 robe of Augmentation {Str+4 Int+4 Dex+4}
 16963 | Lair:1   | Noticed Nergalle
 16975 | Lair:1   | HP: 6/127 [spectral orc warrior/+3 trident of
                  | flaming[Nergalle] (6)]
 16975 | Lair:1   | HP: 1/127 [spectral orc warrior/+0 war axe[Nergalle] (3)]
 16975 | Lair:1   | Demolished by a spectral orc knight

Illustrated notes

Levels and vault maps discovered:
D:1:      reono_arrival_mine, layout_loops_cross, st_stairs_1,
          chequers_serial_rivers_large_a, chequers_serial_rivers_room_b,
          feat_on_display
D:2:      layout_loops_ring, serial_rivers, chequers_serial_rivers_small_a,
          chequers_serial_rivers_room_a, chequers_serial_rivers_marsh,
          chequers_serial_rivers_large_b, chequers_serial_rivers_room_a,
          chequers_serial_rivers_micro_e,
          hellmonk_ecumenical_altar_pennies_from_heaven
D:3:      layout_loops_ring, grunt_qazlal_sundering, minmay_fractal_squares_5,
          uniq_sigmund
D:4:      layout_cave_pods, minmay_distorted
D:5:      layout_layer_cave, minmay_temple_entry_glass, lemuel_flamethrower_2
D:6:      layout_basic, enter_ossuary_2
D:7:      layout_loops_ring, nicolae_grassy_gnolls
D:8:      layout_loops_ring, serial_rivers, chequers_serial_rivers_room_a,
          chequers_serial_rivers_small_a, chequers_serial_rivers_micro_d,
          chequers_serial_rivers_micro_b, hangedman_abyss_or_decor_lesser_grid,
          hangedman_decor_peaks_small, grunt_livestock
D:9:      layout_stronghold, dpeg_lair_monsters, minivault_4,
          hangedman_decor_push, worms_lemuel
D:10:     layout_cross, lemuel_mausoleum_altar_kikubaaqudgha, uniq_fannar,
          uniq_joseph, uniq_grum
Temple:   mainiacjoe_temple_cubbyholes
Lair:1:   layout_misc_corridors, gammafunk_ghost_arena, serial_bayou_pond_d,
          grunt_megastairs_2, uniq_nergalle

Skill      XL: |  1  2  3  4  5  6  7  8  9 10 11 |
---------------+----------------------------------+-----
Axes           | 4 5 6 7 9 11 13 14 | 14.9
Fighting       | 4 5 6 7 8 9 11 | 11.1
Armour         | 3 4 5 6 8 9 10 | 10.7
Dodging        | 3 4 6 7 8 9 |  9.8

Action                   |  1- 3 |  4- 6 |  7- 9 | 10-12 || total
-------------------------+-------+-------+-------+-------++-------
Melee: Hand axe          |    31 |       |       |       ||    31
       Headbutt          |     6 |    11 |    31 |    61 ||   109
       Battleaxe         |    30 |    75 |   227 |   277 ||   609
       War axe           |       |       |       |    69 ||    69
Invok: Berserk           |       |     1 |     3 |     6 ||    10
       Trog's Hand       |       |       |     1 |       ||     1
 Stab: Sleeping          |     2 |     1 |       |       ||     3
Armor: Animal skin       |    17 |    24 |    31 |       ||    72
       Plate armour      |       |       |    34 |   225 ||   259
Dodge: Dodged            |    51 |    60 |   183 |   208 ||   502
